 Dungeon Crawl Stone Soup version 0.15.0-13-gb296d5c (console) character file.

861 gw the Insei (level 7, -9/61 HPs)
             Began as a White Draconian Monk on Sept 3, 2014.
             Mangled by Eustachio
             ... wielding a +2 falchion of electrocution
              (20 damage)
             ... on Level 4 of the Dungeon.
             The game lasted 00:06:24 (7988 turns).

gw the Insei (White Draconian Monk)                 Turns: 7988, Time: 00:06:24

HP  -9/61        AC  6     Str 13      XL: 7   Next: 71%
MP   0/7         EV 13     Int 11      God:
Gold 0           SH  0     Dex 11 (15) Spells:  0 memorised,  6 levels left

rFire  . . .     SeeInvis .       - Unarmed
rCold  + . .     Clarity  .     (armour unavailable)
rNeg   . . .     rCorr    .     (no shield)
rPois  .         rRot     .     (helmet restricted)
rElec  .         Spirit   +     (no cloak)
SustAb .         Warding  .     (no gloves)
rMut   .         Stasis   .     (no boots)
Gourm  .                        c - amulet of guardian spirit
MR     .....                    (no ring)
                                (no ring)

@: not resistant to hostile enchantments, unstealthy
A: breathe frost, unfitting armour, cold resistance 1, cold-blooded, AC +6
a: Breathe Frost


You were on level 4 of the Dungeon.
You were not hungry.

You visited 1 branch of the dungeon, and saw 5 of its levels.

Inventory:

Missiles
 h - 136 stones (quivered)
Comestibles
 b - 3 fruits
 n - 2 meat rations
Scrolls
 d - 7 scrolls of identify
 g - a scroll of enchant weapon
 j - a scroll of immolation
 k - 4 scrolls of remove curse
Jewellery
 c - an amulet of guardian spirit (around neck)
Potions
 a - a potion of flight
 e - a potion of agility
 f - a potion of curing
 i - a potion of haste
 l - a potion of lignification
 p - 2 potions of restore abilities


   Skills:
 + Level 5.4 Fighting
 + Level 3.3 Throwing
 + Level 4.1 Dodging
 - Level 1.7 Stealth
 * Level 7.0 Unarmed Combat


You had 6 spell levels left.
You didn't know any spells.

Dungeon Overview and Level Annotations

Branches:
Dungeon (5/15)             Temple (0/1) D:5

Altars:
Elyvilon
Fedhas
Okawaru
Xom

Annotations:
D:4 Eustachio


Innate Abilities, Weirdness & Mutations

You can breathe waves of freezing cold.
You can buffet flying creatures when you breathe cold.
Your icy white scales are hard (AC +6).
Your body does not fit into most forms of armour.
Your flesh is cold resistant.
Your cold-blooded metabolism reacts poorly to cold.


Message History

Eustachio brags, "I can call spirits from the vasty deep."
Eustachio hits you but does no damage.
You are electrocuted!
The crimson imp hits you but does no damage.
ATTACKING (-1,0)
You barely miss Eustachio.
Eustachio is moderately wounded.
Eustachio hits you but does no damage. The crimson imp completely misses you.
ATTACKING (-1,0)
You hit Eustachio but do no damage.
Your tail-slap misses Eustachio.
Eustachio is moderately wounded.
The crimson imp blinks!
Eustachio hits you with a falchion of electrocution!
ATTACKING (-1,0)
You hit Eustachio. You tail-slap Eustachio.
Eustachio is moderately wounded.
ATTACKING (-1,0)
You barely miss Eustachio.
Your tail-slap misses Eustachio.
Eustachio is moderately wounded.
Eustachio hits you but does no damage.
You are electrocuted!
You die...

'..#........#..#.###'##..........
#..#........#..#.#....#..........
##'##.###'###..#.#....'..........
#...#.###..##....#....#..........
#...#.#.....#.#..#....#..........
#####.#.#.)##.#..#.[..#.....>....
......#.......#..#....#..........
......#########.ยค#..#############
...........5.).@d####
############.#####


777 #.######77 777.777 #.##?....77 77.....77 #.#.......777.......77
#....~~~...7...~~~...7 #...~~~~~.....~~~~~... #...~~7%~.....~~_~~...
##..~~~~~.....~~~~~... You could see Eustachio and a crimson imp.

Table legend:
 A = Turns spent in this place as a percentage of turns spent in the entire game.
 B = Non-inter-level travel turns spent in this place as a percentage of non-inter-level travel turns spent in the entire game.
 C = Inter-level travel turns spent in this place as a percentage of turns spent in this place.
 D = Turns resting spent in this place as a percentage of non-inter-level travel turns spent in this place.
 E = Turns spent auto-exploring this place as a percentage of non-inter-level travel turns spent in this place.
 F = Non-inter-level travel turns spent in this place divided by the number of levels of this place that you've seen.
                   A       B       C       D       E      F
               +-------+-------+-------+-------+-------+----------------------
         Total | 100.0 | 100.0 |   1.3 |   7.1 |   9.0 | 630.6
       Dungeon | 100.0 | 100.0 |   1.3 |   7.1 |   9.0 | 630.6
               +-------+-------+-------+-------+-------+----------------------

Table legend:
 A = Kills in this place as a percentage of kills in entire the game.
 B = Kills by you in this place as a percentage of kills by you in the entire game.
 C = Kills by friends in this place as a percentage of kills by friends in the entire game.
 D = Other kills in this place as a percentage of other kills in the entire game.
 E = Experience gained in this place as a percentage of experience gained in the entire game.
 F = Experience gained in this place divided by the number of levels of this place that you have seen.
                   A       B       C       D       E      F
               +-------+-------+-------+-------+-------+----------------------
         Total | 100.0 | 100.0 |  -nan |  -nan | 100.0 | 246.0
       Dungeon | 100.0 | 100.0 |  -nan |  -nan | 100.0 | 246.0
               +-------+-------+-------+-------+-------+----------------------

Vanquished Creatures
  An ice beast (D:3)
  A phantom (D:4)
  A scorpion (D:5)
  A hippogriff zombie (D:5)
  A crimson imp (D:4)
  2 orc priests (D:5)
  2 hounds (D:4)
  2 iguanas (D:4)
  2 worker ants (D:4)
  Ijyb (D:3)
  An ogre skeleton (D:4)
  Terence (D:3)
  10 adders
  A gnoll (D:4)
  A shadow imp (D:4)
  A worm (D:3)
  3 adder skeletons (D:4)
  2 orc skeletons (D:4)
  8 orcs
  6 giant cockroaches
  24 hobgoblins
  14 jackals
  An ooze (D:3)
  12 bats
  3 giant geckos
  6 giant newts
  22 goblins
  22 kobolds
  A quokka (D:2)
  8 rats
161 creatures vanquished.

Notes
Turn   | Place    | Note
--------------------------------------------------------------
     0 | D:1      | gw, the Draconian Monk, began the quest for the Orb.
     0 | D:1      | Reached XP level 1. HP: 19/19 MP: 1/1
   175 | D:1      | Reached XP level 2. HP: 26/26 MP: 2/2
   349 | D:1      | Reached skill level 1 in Throwing
   639 | D:1      | Reached XP level 3. HP: 17/33 MP: 3/3
  1773 | D:2      | Reached XP level 4. HP: 40/40 MP: 4/4
  2300 | D:3      | Noticed Terence
  2316 | D:3      | Killed Terence
  2522 | D:3      | Reached skill level 5 in Unarmed Combat
  2544 | D:3      | Reached XP level 5. HP: 42/46 MP: 5/5
  2731 | D:3      | Found a shimmering altar of Xom.
  2911 | D:3      | Noticed Ijyb
  2930 | D:3      | Killed Ijyb
  3246 | D:4      | Noticed a phantom
  5106 | D:4      | Reached XP level 6. HP: 53/53 MP: 6/6
  5232 | D:4      | Found an iron altar of Okawaru.
  5905 | D:4      | Found a blossoming altar of Fedhas.
  6253 | D:4      | Reached skill level 6 in Unarmed Combat
  6293 | D:4      | Found a white marble altar of Elyvilon.
  6953 | D:5      | Entered Level 5 of the Dungeon
  6970 | D:5      | Found a staircase to the Ecumenical Temple.
  7175 | D:5      | Your scales start taking on an icy white colour.
  7175 | D:5      | Gained mutation: Your flesh is cold resistant. [draconian maturity]
  7175 | D:5      | Reached XP level 7. HP: 57/60 MP: 7/7
  7405 | D:3      | Reached skill level 5 in Fighting
  7925 | D:5      | Noticed Eustachio
  7954 | D:5      | Reached skill level 7 in Unarmed Combat
  7982 | D:4      | HP: 3/61 [Eustachio/falchion of electrocution (9)]
  7988 | D:4      | Mangled by Eustachio

Action                   |  1- 3 |  4- 6 |  7- 9 || total
-------------------------+-------+-------+-------++-------
Melee: Unarmed           |   141 |   419 |   104 ||   664
Throw: Stone             |    86 |   207 |     3 ||   296
  Use: Scroll            |     3 |     6 |       ||     9
       Potion            |     3 |     5 |     1 ||     9
 Stab: Sleeping          |       |     1 |       ||     1
  Eat: Bread ration      |     1 |       |     1 ||     2
       Chunk             |       |    12 |       ||    12
       Beef jerky        |       |     2 |       ||     2

Vault maps used:
D:1:      mrwooster_arrival_statue_3
D:2:      grunt_decor_mini_mirrors
D:3:      xom_teletrap_fun, grunt_ministairs_8, uniq_iyjb, uniq_terence
D:4:      corexii_shantytown, okawaru_altar_gauntlet_db, kennysheep_mini_moat,
          first_bread, elyvilon_altar_3
D:5:      tgw_trog, minmay_temple_entry_butterflies, lightli_sewer_entry_pipes,
          st_stairs_9, vehumet_altar_wand_db, uniq_blork_the_orc, uniq_duvessa,
          uniq_eustachio
